 Dungeon Crawl Stone Soup version 0.19.0-20-gbc5f0c6 (webtiles) character file.

184 filkos the Cudgeler (level 5, -11/42 HPs)
             Began as a Human Berserker on Nov 6, 2016.
             Was a Believer of Trog.
             Mangled by an ogre
             ... wielding a +0 giant club
              (15 damage)
             ... on level 4 of the Dungeon on Nov 16, 2016.
             The game lasted 00:22:25 (2605 turns).

filkos the Cudgeler (Human Berserker)               Turns: 2605, Time: 00:22:26

Health: -11/42     AC: 11    Str: 19    XL:     5   Next: 96%
Magic:  5/5        EV:  8    Int:  7    God:    Trog [**....]
Gold:   94         SH:  0    Dex: 12    Spells: 0 memorised, 4 levels left

rFire  . . .     SeeInvis +     a - +0 mace
rCold  . . .     Gourm    .     w - +0 chain mail
rNeg   . . .     Faith    .     (no shield)
rPois  .         Spirit   .     F - +0 helmet
rElec  .         Reflect  .     G - +0 cloak
rCorr  .         Harm     .     (no gloves)
MR     .....                    (no boots)
Stlth  ..........               (no amulet)
                                E - ring of see invisible
                                i - ring of flight

@: no status effects
A: no striking features
a: Berserk, Trog's Hand, Burn Spellbooks, Renounce Religion, Evoke Flight


You were on level 4 of the Dungeon.
You worshipped Trog.
Trog was pleased with you.
You were not hungry.

You visited 1 branch of the dungeon, and saw 3 of its levels.

You collected 94 gold pieces.

Inventory:

Hand Weapons
 a - a +0 mace (weapon)
 g - a cursed -3 club
 h - a +0 spear
 l - a +0 club
 m - a +0 dagger
 o - a +0 dagger
 p - a +1 short sword of speed
 q - a +0 dagger
 s - a +0 short sword of electrocution
 t - a +0 club
 y - a +0 club
 A - a +0 dagger
 D - a +0 club
Missiles
 d - 113 stones (quivered)
 r - 15 poisoned needles
Armour
 b - a +0 animal skin
 n - a +3 leather armour
 v - a cursed +0 leather armour
 w - a +0 chain mail (worn)
 x - a +0 robe
 C - a +0 ring mail
 F - a +0 helmet (worn)
 G - a +0 cloak (worn)
Jewellery
 i - a ring of flight (left hand)
 E - a ring of see invisible (right hand)
Scrolls
 e - a scroll of identify
 f - 3 scrolls of enchant weapon
 u - a scroll of teleportation
 B - 2 scrolls of enchant armour {unknown}
Potions
 j - a potion of flight
 z - 2 potions of degeneration {unknown}
 H - a potion of beneficial mutation {unknown}
 I - 2 potions of heal wounds
Comestibles
 c - 2 bread rations
 k - 2 beef jerkies


   Skills:
 + Level 3.8 Fighting
 + Level 4.8 Maces & Flails
 + Level 0.2 Throwing
 + Level 2.4 Armour
 + Level 3.1 Dodging


You had 4 spell levels left.
You didn't know any spells.

Dungeon Overview and Level Annotations

Branches:
Dungeon (2/15)

Altars:


Message History

You barely miss the gnoll.
The gnoll is heavily wounded.
The gnoll barely misses you. The gnoll hits you with a club.
The gnoll hits you from afar with a spear.
You sock the gnoll!
You kill the gnoll!
Trog accepts your kill. The gnoll hits you but does no damage.
You hit the ogre.
The ogre is lightly wounded.
The ogre hits you but does no damage. The gnoll hits you but does no damage.
You hit the ogre.
The ogre is moderately wounded.
The ogre hits you with a giant club!!
* * * LOW HITPOINT WARNING * * *
The gnoll hits you but does no damage.
You hit the ogre but do no damage.
The ogre is moderately wounded.
The gnoll hits you but does no damage. The ogre hits you with a giant club!
You die...

#...###..## #†..#
#.##
.......##..##
.........##.#.##
..........#..#..#
>.........#..##.#
.............####
..........##..##
#..## ##.@# ..
##)O# . ##g.#
#..# #.># #..#
##.# #.


You could see an ogre and a gnoll.

Vanquished Creatures
  Ijyb (D:2)
  An orc wizard (D:1)
  5 adders
  2 gnolls (D:4)
  4 dart slugs
  5 worms (D:2)
  5 orcs
  4 bats
  A giant cockroach (D:1)
  3 goblins
  5 hobgoblins
  4 jackals (D:2)
  A quokka (D:2)
  2 ball pythons (D:2)
  3 frilled lizards
  A kobold (D:2)
  8 rats
55 creatures vanquished.

Notes
Turn   | Place    | Note
-------+----------+-------------------------------------------
     0 | D:1      | filkos the Human Berserker began the quest for the Orb.
     0 | D:1      | Reached XP level 1. HP: 18/18 MP: 1/1
   315 | D:1      | Reached XP level 2. HP: 13/24 MP: 2/2
   998 | D:1      | Reached XP level 3. HP: 8/29 MP: 3/3
  1000 | D:1      | Reached XP level 4. HP: 10/35 MP: 4/4
  1286 | D:2      | Reached ** piety under Trog
  1453 | D:2      | Noticed Ijyb
  1470 | D:2      | Killed Ijyb
  1470 | D:2      | Reached skill level 4 in Maces & Flails
  1642 | D:2      | Reached XP level 5. HP: 42/42 MP: 5/5
  2300 | D:2      | You fall through a shaft for 2 floors!
  2330 | D:4      | Upgraded the game from 0.19.0-2-gae57169 to 0.19.0-20-gbc5f0c6
  2591 | D:4      | Noticed an ogre
  2605 | D:4      | Mangled by an ogre

Skill      XL: |  1  2  3  4  5 |
---------------+----------------+-----
Maces & Flails | 4 |  4.8
Dodging        | 3 |  3.1
Fighting       | |  3.8
Throwing       | |  0.2
Armour         | |  2.4

Action                   |  1- 3 |  4- 6 || total
-------------------------+-------+-------++-------
Melee: Mace              |    55 |   203 ||   258
Throw: Stone             |       |    19 ||    19
  Use: Scroll            |     4 |       ||     4
       Potion            |     3 |       ||     3
  Eat: Bread ration      |       |     2 ||     2
Armor: Animal skin       |    12 |       ||    12
       Leather armour    |     7 |    57 ||    64
       Chain mail        |       |    30 ||    30
Dodge: Dodged            |    41 |   151 ||   192
